 Dungeon Crawl Stone Soup version 0.31-a0-865-g3d5d91748a (webtiles) character file.

Game seed: 11228914876651550430

62 Xavori the Trooper (level 4, -2/32 HPs)
             Began as an Octopode Chaos Knight on Oct 11, 2023.
             Was a Plaything of Xom.
             Slain by an ufetubus (5 damage)
             ... summoned by Xom
             ... on level 2 of the Dungeon.
             The game lasted 00:01:24 (10064 turns).

Xavori the Trooper (Octopode Chaos Knight)         Turns: 10064, Time: 00:01:24

Health: -2/32      AC:  1    Str: 21    XL:     4   Next: 8%
Magic:  4/4        EV: 13    Int: 13    God:    Xom [......]
Gold:   101        SH:  0    Dex: 12    Spells: 3/3 levels left

rFire   . . .        t - +3 short sword
rCold   . . .        (no shield)
rNeg    . . .        (helmet restricted)
rPois   .            (no amulet)
rElec   .            n - +6 ring of strength
rCorr   .            (no ring)
SInv    .            (no ring)
Will    +....        (no ring)
Stlth   +++          (no ring)
HPRegen 0.25/turn    (no ring)
MPRegen 0.09/turn    (no ring)
                     (no ring)

%: no passive effects
@: no status effects
A: almost no armour, amphibious, 8 rings, camouflage 1, gelatinous body 1,
(nimble swimmer 1), tentacles, strong-willed 1, strong 1, wild magic 2,
inability to drink after injury 1, MP-powered wands
a: Renounce Religion


You were on level 2 of the Dungeon.
You worshipped Xom.
You were a very special plaything of Xom.
You visited 1 branch of the dungeon, and saw 2 of its levels.

You collected 101 gold pieces.

Inventory:

Hand Weapons
 a - a +0 short sword of chaos
 j - a +0 dagger of protection
 t - a +3 short sword (weapon)
Jewellery
 n - a +6 ring of strength (left tentacle)
Scrolls
 b - a scroll of butterflies
 c - a scroll of teleportation {unknown}
 f - a scroll of amnesia {unknown}
 h - a scroll of fear {unknown}
 k - a scroll of torment {unknown}
 l - a scroll of acquirement {unknown}
 q - 2 scrolls of enchant weapon {unknown}
 s - a scroll of poison {unknown}
 u - 2 scrolls of revelation {unknown}
Potions
 d - a potion of ambrosia {unknown}
 e - a potion of degeneration {unknown}
 g - a potion of lignification {unknown}
 i - a potion of heal wounds {unknown}
 m - a potion of might {unknown}
 o - a potion of resistance {unknown}
 p - a potion of mutation {unknown}
 r - a potion of magic {unknown}


   Skills:
 + Level 3.6 Fighting
 + Level 3.6 Short Blades
 + Level 2.7 Dodging
 + Level 2.4 Stealth


You had 3 spell levels left.
You didn't know any spells.
Your spell library contained the following spells:

 Spells                   Type           Power      Damage    Failure   Level
 Blink                    Tloc           0%         N/A       61%         2
 Lesser Beckoning         Tloc           0%         N/A       61%         2
 Momentum Strike          Conj/Tloc      0%         3d8       61%         2


Dungeon Overview and Level Annotations

Branches:
Dungeon (2/15)

Altars:


Innate Abilities, Weirdness & Mutations

You cannot wear most types of armour.
You are amphibious.
You can wear up to eight rings at the same time.
Your skin changes colour to match your surroundings (Stealth+).
Your rubbery body absorbs attacks. (AC +1, EV +1)
((You are camouflaged when in or above water. (Stealth+)))
You have tentacles for arms and can constrict up to eight enemies at once.
You are strong-willed. (Will+)
Your muscles are strong. (Str +4, Int/Dex -1)
Your spells are harder to cast, but more powerful.
You occasionally lose the ability to drink potions when taking damage.
You expend magic power (3 MP) to strengthen your wands.


Message History

Key pressed, stopping explore.
No target in view! "Time to have some fun!"
You hit the white imp but do no damage. You grab the white imp.
You constrict the white imp, but do no damage.
There are monsters nearby!
You hit the white imp but do no damage.
You constrict the white imp, but do no damage.
The white imp hits you. The white imp freezes you.
The ufetubus closely misses you. The ufetubus hits you.
There are monsters nearby!
You barely miss the white imp. You constrict the white imp.
The ufetubus barely misses you. The ufetubus hits you. The white imp hits you.
The white imp freezes you.
The crimson imp blinks!
There are monsters nearby!
You are too injured to fight recklessly!
Unknown command.
You hit the white imp but do no damage. Your squeeze misses the white imp.
The white imp is moderately wounded.
You constrict the white imp, but do no damage.
The ufetubus misses you. The ufetubus hits you.
* * * LOW HITPOINT WARNING * * *
The white imp gestures at you. The puff of frost misses you.
The puff of frost hits the ufetubus.
The ufetubus resists.
You hit the white imp but do no damage.
The white imp is moderately wounded.
You constrict the white imp. The ufetubus closely misses you.
The ufetubus hits you but does no damage.
The white imp hits you.
* * * LOW HITPOINT WARNING * * *
The white imp freezes you.
* * * LOW HITPOINT WARNING * * *
The ufetubus barely misses you. x2
You barely miss the white imp. You squeeze the white imp.
You kill the white imp!
The white imp disappears in a puff of smoke!
The ufetubus hits you.
You die... "This toy is broken."

#................########
########................#
#########
####........######.#
........# #...........# #.#
........# #.#.######### #.#
........####.#.#
###########.#
...###>...##.#.#
#......#....# ...#
#..#.##.#.####......#.######
####
#.........ยง@55..............
#.#..####.####......#.###...
#####.#.......####......#.#
#.##
#<.......#.......#......#.#
#.##
#####.##...#####.#......#.#
#.## #.#........#.########..
..## #.#....#.###.# ########
#.#......###.## #.....
######.####.#......### #.....


You could see a crimson imp (summoned) and an ufetubus (summoned).

Vanquished Creatures
  3 adders (D:2)
  A worm (D:2)
  A dart slug (D:1)
  3 endoplasms (D:1)
  3 giant cockroaches (D:1)
  2 goblins (D:1)
  3 hobgoblins (D:1)
  2 kobolds
  2 ball pythons (D:1)
  3 bats (D:1)
  3 frilled lizards (D:1)
  4 rats
30 creatures vanquished.

Notes
Turn   | Place    | Note
-------+----------+-------------------------------------------
     0 | D:1      | Xavori the Octopode Chaos Knight began the quest for the
                  | Orb.
     0 | D:1      | Reached XP level 1. HP: 16/16 MP: 1/1
    92 | D:1      | Reached XP level 2. HP: 21/21 MP: 2/2
   418 | D:1      | XOM: confuse monster(s)
   574 | D:1      | Reached XP level 3. HP: 25/26 MP: 3/3
   742 | D:1      | XOM: god gift: garnet ring {god gift}
  1085 | D:1      | XOM: cloud trail
  1267 | D:1      | XOM is BORED!
  1267 | D:1      | XOM: give mutations
  1267 | D:1      | Gained mutation: You have very sharp teeth. [Xom's
                  | mischief]
  1267 | D:1      | Gained mutation: You occasionally lose the ability to read
                  | scrolls when taking damage. [Xom's mischief]
  1999 | D:1      | XOM: give mutations
  1999 | D:1      | Lost mutation: You occasionally lose the ability to read
                  | scrolls when taking damage. [Xom's mischief]
  1999 | D:1      | Gained mutation: Your spells are a little harder to cast,
                  | but a little more powerful. [Xom's mischief]
  1999 | D:1      | Gained mutation: Your spells are harder to cast, but more
                  | powerful. [Xom's mischief]
  1999 | D:1      | Lost mutation: You have very sharp teeth. [Xom's mischief]
  2344 | D:1      | XOM: noise
  2355 | D:1      | XOM: silly message
  2721 | D:1      | XOM: divination: magic mapping
  2849 | D:1      | XOM is BORED!
  2849 | D:1      | XOM: silly message
  3132 | D:1      | XOM: divination: detect creatures
  3682 | D:1      | XOM: cloud trail
  3723 | D:1      | XOM is BORED!
  4725 | D:1      | XOM: silly message
  4859 | D:1      | XOM: silly message
  4985 | D:1      | XOM: divination: detect creatures
  6156 | D:1      | XOM: god gift: leather armour {god gift}
  6422 | D:1      | XOM: divination: detect items
  7426 | D:1      | XOM is BORED!
  7426 | D:1      | XOM: draining
  7431 | D:1      | XOM: give mutation
  7431 | D:1      | Gained mutation: You expend magic power (3 MP) to
                  | strengthen your wands. [Xom's mischief]
  8465 | D:1      | XOM: give mutation
  8465 | D:1      | Gained mutation: You are strong-willed. (Will+) [Xom's
                  | mischief]
  9220 | D:1      | XOM: torment (12/21 hp)
  9472 | D:1      | XOM is BORED!
  9472 | D:1      | XOM: summons 4 hostile shadow creatures
  9625 | D:2      | Reached skill level 1 in Stealth
  9667 | D:2      | XOM: give mutations
  9667 | D:2      | Gained mutation: You are dopey. (Int -2) [Xom's mischief]
  9667 | D:2      | Lost mutation: You are dopey. (Int -2) [Xom's mischief]
  9667 | D:2      | Gained mutation: Your spells are much harder to cast, but
                  | much more powerful. [Xom's mischief]
  9667 | D:2      | Lost mutation: Your spells are much harder to cast, but
                  | much more powerful. [Xom's mischief]
  9753 | D:2      | Found a faded altar of an unknown god.
  9783 | D:2      | XOM: give mutations
  9783 | D:2      | Gained mutation: Your muscles are strong. (Str +4, Int/Dex
                  | -1) [Xom's mischief]
  9783 | D:2      | Gained mutation: You occasionally lose the ability to drink
                  | potions when taking damage. [Xom's mischief]
  9929 | D:2      | Reached XP level 4. HP: 30/31 MP: 4/4
 10058 | D:2      | XOM: summons 3 hostile demons
 10064 | D:2      | Slain by an ufetubus

Illustrated notes

Levels and vault maps discovered:
D:1:      sevenhm_arrival_forest_fort_large_2, layout_basic, feat_on_display
D:2:      layout_basic, ebering_ecumenical_altar_box

Skill      XL: |  1  2  3 |
---------------+----------+-----
Stealth        | 2 |  2.4
Fighting       | |  3.6
Short Blades   | |  3.6
Dodging        | |  2.7

Action                     |  1- 3 |  4- 6 || total
---------------------------+-------+-------++-------
  Melee: Short sword       |    30 |     6 ||    36
         Tentacles         |     8 |     2 ||    10
         Constrict         |    12 |     2 ||    14
         Dagger            |    21 |     4 ||    25
         Punch             |     1 |       ||     1
   Stab: Sleeping          |    10 |     1 ||    11
 Armour: Skin              |    18 |     9 ||    27
  Dodge: Dodged            |    24 |     8 ||    32

Table legend: (Time is in decaauts)
 A = Elapsed time spent in this place.
 B = Non-inter-level travel time spent in this place.
 C = Inter-level travel time spent in this place.
 D = Time resting spent in this place.
 E = Time spent auto-exploring this place.
 F = Levels seen in this place.
 G = Mean time per level.
                   A        B        C        D        E       F      G
               +--------+--------+--------+--------+--------+-----+--------+
         Total |  10052 |   9983 |     69 |   8487 |   1276 |   2 | 5026.0 |
       Dungeon |  10052 |   9983 |     69 |   8487 |   1276 |   2 | 5026.0 |
               +--------+--------+--------+--------+--------+-----+--------+

Top non-repeatable levels by time:
     D:1: 9464 daAuts
     D:2: 588 daAuts
